 Dungeon Crawl Stone Soup version 0.29.0 (webtiles) character file.

Game seed: 11609314990315577500

3 vykuza the Ducker (level 1, -1/16 HPs)
             Began as an Octopode Berserker on Aug 27, 2022.
             Was a Follower of Trog.
             Slain by a gnoll
             ... wielding a +0 club
              (8 damage)
             ... on level 2 of the Dungeon.
             The game lasted 00:01:21 (257 turns).

vykuza the Ducker (Octopode Berserker)               Turns: 257, Time: 00:01:21

Health: -1/16      AC:  1    Str: 16    XL:     1   Next: 50%
Magic:  1/1        EV: 13    Int:  9    God:    Trog [*.....]
Gold:   7          SH:  0    Dex: 11    Spells: 0/0 levels left

rFire   . . .      SeeInvis .   a - +0 hand axe
rCold   . . .      Faith    .   (no shield)
rNeg    . . .      Spirit   .   (helmet restricted)
rPois   .          Reflect  .   (no amulet)
rElec   .          Harm     .   (no ring)
rCorr   .          Rampage  .   (no ring)
Will    .....                   (no ring)
Stlth   ++........              (no ring)
HPRegen 0.05/turn               (no ring)
MPRegen 0.07/turn               (no ring)
                                (no ring)
                                (no ring)

@: no status effects
A: almost no armour, amphibious, 8 rings, camouflage 1, gelatinous body 1,
(nimble swimmer 1), tentacles
a: Renounce Religion, Berserk


You were on level 2 of the Dungeon.
You worshipped Trog.
Trog was aware of your devotion.
You visited 1 branch of the dungeon, and saw 2 of its levels.

You collected 7 gold pieces.

Inventory:

Hand Weapons
 a - a +0 hand axe (weapon)
Scrolls
 d - 2 scrolls of identify {unknown}
 e - a scroll of amnesia {unknown}
Potions
 b - a potion of curing {unknown}
 c - a potion of haste {unknown}


   Skills:
 + Level 3.0 Fighting
 + Level 0.2 Long Blades
 + Level 3.0 Axes
 - Level 3.0 Dodging
 + Level 0.2 Shields


You couldn't memorise any spells.
You didn't know any spells.
Your spell library was empty.

Dungeon Overview and Level Annotations

Branches:
Dungeon (1/15)

Altars:


Innate Abilities, Weirdness & Mutations

You cannot wear most types of armour.
You are amphibious.
You can wear up to eight rings at the same time.
Your skin changes colour to match your surroundings (Stealth+).
Your rubbery body absorbs attacks. (AC +1, EV +1)
((You are camouflaged when in or above water. (Stealth+)))
You have tentacles for arms and can constrict up to eight enemies at once.


Message History

Found a pair of boots.
The rat closely misses you.
Things that are here:
a scroll labelled SIS MOFEKULATS; a hobgoblin corpse You hit the rat.
Your grab misses the rat. Your squeeze misses the rat.
The rat is heavily wounded.
The rat bites you.
You barely miss the rat. You grab the rat.
The rat is heavily wounded.
You constrict the rat.
You kill the rat!
Trog accepts your kill.
HP restored.
d - a scroll labelled SIS MOFEKULATS You see here a hobgoblin corpse.
e - a scroll labelled SATTE LIM HARASY
d - 2 scrolls labelled SIS MOFEKULATS (gained 1)
There is an open door here.
Found a dagger.
As you open the door, it creaks loudly!
There is an open door here.
You open the door.
A hobgoblin, a quokka and 2 gnolls come into view.
Found a stone staircase leading down.
The gnoll shouts!
The hobgoblin shouts!
A gnoll comes into view. It is wielding a +0 flail.
The gnoll shouts! x2
An adder comes into view.
You closely miss the gnoll. Your grab misses the gnoll.
The gnoll closely misses you. The gnoll hits you with a +0 club.
You hit the gnoll. Your grab misses the gnoll.
The gnoll is moderately wounded.
The gnoll barely misses you.
You hit the gnoll. You grab the gnoll. You squeeze the gnoll.
The gnoll is heavily wounded.
You constrict the gnoll. The gnoll hits you with a +0 club.
You hit the gnoll but do no damage.
The gnoll is heavily wounded.
You constrict the gnoll. The gnoll hits you with a +0 club!
Ouch! That really hurt!
You die...

#.>...
#.... ...
#r# #g#
#g# #g#
#g# #@#
#.# #.#
#.# #.#
#.# #.#
#.# #.#
#.#
#######'##
#.#
#........#
#[#


You could see 3 gnolls, a quokka and a hobgoblin.

Vanquished Creatures
  An endoplasm (D:1)
  A hobgoblin (D:2)
  A rat (D:2)
3 creatures vanquished.

Notes
Turn   | Place    | Note
-------+----------+-------------------------------------------
     0 | D:1      | vykuza the Octopode Berserker began the quest for the Orb.
     0 | D:1      | Reached XP level 1. HP: 16/16 MP: 1/1
   183 | D:1      | You fall into a shaft and drop 1 floor!
   257 | D:2      | Slain by a gnoll

Illustrated notes

Levels and vault maps discovered:
D:1:      dpeg_arrival_circle_labyrinth_a, layout_basic
D:2:      layout_basic, minmay_pentomino_v2, uniq_crazy_yiuf_cottage

Action                   || total
-------------------------++-------
Melee: Hand axe          ||    11
       Constrict         ||     3
       Tentacles         ||     1
Dodge: Dodged            ||     7
